Cogmind - Beta 12 --- EXPLORER MODE // 2024.01.13 @ 17:18:13 Player: daffie Result: Destroyed by D-53 Grenadier with Mini Grenade Launcher Performance ------------- Evolutions (0) 0 Regions Visited (2) 400 Robots Destroyed (15) 75 Value Destroyed (180) 180 Prototype IDs (2) 40 Alien Tech Used (0) 0 Bonus (0) 0 TOTAL SCORE: 695 Bonus ------- None Cogmind --------- Core Integrity 0/250 Matter 300/300 Energy 99/100 System Corruption 1% Temperature Cool (0) Movement Core (50) Location -10/Mines Parts ------- > --- POWER (1) -------- (None) > --- PROPULSION (2) --- (None) > --- UTILITY (3) ------ Terrain Scanner Terrain Scan Processor > --- WEAPON (2) ------- (None) > --- INVENTORY (5) ---- Compact Wheel Peak State ------------ > --- POWER ------------ Ion Engine > --- PROPULSION ------- Wheel Wheel > --- UTILITY ---------- Improved Heat Sink Structural Scanner Core Shielding > --- WEAPON ----------- Medium Laser Beam Cannon > --- INVENTORY -------- (None) [Rating: 10] Favorites ----------- Power Ion Engine Engine Ion Engine Propulsion Wheel Wheel Wheel Utility Terrain Scan Processor Device Terrain Scanner Processor Terrain Scan Processor Protection Core Shielding Weapon Medium Laser Energy Gun Medium Laser Energy Cannon Beam Cannon Ballistic Gun Assault Rifle Build | -11 -10 -10 ------- Run | Jun Mat Min Slots Evolved 1 | . 1 . Power . | . . . Propulsion . | . . . Utility 1 | . 1 . Weapon . | . . . Parts Attached 17 | 8 5 4 Power 2 | 1 1 . Engine 2 | 1 1 . Core . | . . . Reactor . | . . . Propulsion 6 | 2 . 4 Treads . | . . . Leg . | . . . Wheel 6 | 2 . 4 Hover . | . . . Flight . | . . . Utility 5 | 2 3 . Device 3 | 1 2 . Storage . | . . . Processor 1 | . 1 . Hackware . | . . . Protection 1 | 1 . . Artifact . | . . . Weapon 4 | 3 1 . Energy Gun 2 | 2 . . Energy Cannon 1 | . 1 . Ballistic Gun 1 | 1 . . Ballistic Cannon . | . . . Launcher . | . . . Special Weapon . | . . . Impact Weapon . | . . . Slashing Weapon . | . . . Piercing Weapon . | . . . Special Melee Weapon . | . . . Unidentified Prototypes . | . . . Parts Lost 11 | . 1 10 Power 2 | . 1 1 Propulsion 6 | . . 6 Utility 1 | . . 1 Weapon 2 | . . 2 Highest Loss Streak 8 | . 1 8 To Critical Strikes . | . . . Average Slot Usage (%) 71 | . 97 45 Engine 7 | . 12 2 Wheel 18 | . 25 11 Device 13 | . 15 12 Processor 9 | . 6 12 Protection 7 | . 12 2 Energy Gun 7 | . 13 1 Energy Cannon 6 | . 10 1 Naked Turns . | . . . Heaviest Build 13 | 11 13 12 Greatest Support 32 | 20 20 32 Greatest Overweight (x) 3 | 3 . . Average Overweight (x) . | 1 . . Largest Inventory Capacity 5 | 5 5 5 Average Capacity 5 | 5 5 5 Most Carried 2 | . 2 1 Average Carried . | . . . Final Capacity 5 | 5 5 5 Final Carried 1 | . . 1 Class Distribution -------------------- 100% | Hacker-Mutant Dominant Class ---------------- Hacker-Mutant | -10/Materials Hacker-Mutant | -10/Mines Resources | -11 -10 -10 ----------- Run | Jun Mat Min Matter Collected 380 | 280 40 60 Remotely . | . . . Salvage Created 520 | 132 343 45 Parts 29 | 6 23 . Haulers Intercepted 2 | . 2 . Recyclers Shooed . | . . . Parts Field Recycled . | . . . Retrieved Matter . | . . . Parts Self-Destructed . | . . . Prevented . | . . . Kills | -11 -10 -10 ------- Run | Jun Mat Min Combat Hostiles Destroyed 9 | . 6 3 Guns 4 | . 2 2 Cannons 5 | . 4 1 Classes Destroyed 8 | 2 5 1 Builder 1 | . 1 . Tunneler 4 | 3 1 . Hauler 2 | . 2 . Recycler 1 | 1 . . Watcher 1 | . 1 . Swarmer 4 | . 4 . Grunt 2 | . 2 . Assembled 3 | . . 3 Best Kill Streak 4 | 4 3 3 Combat Bots Only 3 | . 2 3 Max Kills in Single Turn 2 | 1 2 1 Gunslinging . | . . . Exploded . | . . . Melee . | . . . Uniques/NPCs Destroyed . | . . . Combat | -11 -10 -10 -------- Run | Jun Mat Min Damage Taken 764 | . 94 670 Core 284 | . 24 260 Absorbed by Shields . | . . . Redirected to Shielding 20 | . 3 17 Core Remaining (%) 100 | 100 . . Volleys Fired 49 | 10 24 15 Largest 2 | 2 2 2 Hottest 110 | 100 110 110 Shots Fired 89 | 20 47 22 Gun 51 | 20 24 7 Cannon 38 | . 23 15 Launcher . | . . . Special . | . . . Kinetic . | . . . Thermal 89 | 20 47 22 Explosive . | . . . Electromagnetic . | . . . Robot Hit Streak 25 | 11 25 11 Robot Miss Streak 1 | 1 1 1 Penetration Max . | . . . Secondary Targets . | . . . Shots Hit Robots 67 | 16 34 17 Core Hits 25 | 5 13 7 Critical Kills . | . . . Critical Parts Destroyed . | . . . Critical Strikes 3 | 1 2 . Burn 3 | 1 2 . Melee Attacks . | . . . Impact . | . . . Slashing . | . . . Piercing . | . . . Sneak Attacks . | . . . Combat Hostiles . | . . . Follow-up Attacks . | . . . Damage Inflicted 1029 | 213 550 266 Guns 487 | 213 199 75 Cannons 542 | . 351 191 Explosions . | . . . Melee . | . . . Ramming . | . . . Kinetic . | . . . Thermal 1029 | 213 550 266 Explosive . | . . . Electromagnetic . | . . . Impact . | . . . Slashing . | . . . Piercing . | . . . Highest Corruption 1 | . 1 1 Average Corruption 1 | . 1 1 Corruption Purged . | . . . Corruption Blocked . | . . . Effects 8 | . 4 4 Message Errors 2 | . 1 1 Matter Fused 2 | . . 2 Heat Flow Errors 1 | . 1 . Energy Discharges 1 | . 1 . Data Loss (minor) 1 | . 1 . Alerts 1 | . . 1 Overload Shots . | . . . Overflow Damage 16 | . . 16 Projectiles 16 | . . 16 Explosions . | . . . Melee . | . . . Knockbacks . | . . . Impact . | . . . Kinetic . | . . . Secondary . | . . . Self-Inflicted Damage . | . . . Shots . | . . . Rammed 1 | . . 1 Targets Rammed 1 | . . 1 Kicked . | . . . Crushed . | . . . Highest Temperature 411 | 312 192 411 Average Temperature 130 | 144 46 244 Received Heat Transfer 69 | . 9 60 Effects 3 | . . 3 Shutdowns 1 | . . 1 Energy Bleed 1 | . . 1 Matter Decay 1 | . . 1 Siege Activations . | . . . Robots Corrupted . | . . . Combat Hostiles . | . . . Parts Fried . | . . . Impact Corruptions . | . . . Robots Melted . | . . . Combat Hostiles . | . . . Parts Melted 7 | 3 4 . Heat Transferred 2812 | 703 1480 629 Parts Sabotaged . | . . . Parts Stolen . | . . . Parts Stripped . | . . . Power Chain Reactions . | . . . Missiles Intercepted . | . . . Alert | -11 -10 -10 ------- Run | Jun Mat Min Peak Influence 163 | 20 163 55 Initial 9 | . 9 . Average 57 | 5 102 22 Maximum Alert Level . | . . . Low Security (%) 100 | 100 100 100 Level 1 . | . . . Level 2 . | . . . Level 3 . | . . . Level 4 . | . . . Level 5 . | . . . High Security . | . . . Max Security . | . . . Squads Dispatched . | . . . Investigation . | . . . Extermination . | . . . Reinforcement . | . . . Assault . | . . . Garrison . | . . . Intercept . | . . . Searches Triggered . | . . . Construction Impeded . | . . . Haulers Reinforced . | . . . Active Scanning Responses . | . . . Cargo Convoy Interrupts . | . . . Stealth | -11 -10 -10 --------- Run | Jun Mat Min Distress Signals . | . . . Communications Jammed . | . . . Distress Signals . | . . . Times Spotted 33 | . 8 25 Peak Tracking Total 14 | . 2 14 Tactical Retreats 3 | . . 3 Traps | -11 -10 -10 ------- Run | Jun Mat Min Traps Triggered 3 | . 3 . Indirectly . | . . . Trap Hack Attempts . | . . . Triggered . | . . . Disarmed . | . . . Reprogrammed . | . . . Reused . | . . . Traps Extracted . | . . . Installed . | . . . Triggered . | . . . Machines | -11 -10 -10 ---------- Run | Jun Mat Min Machines Disabled . | . . . Max in Single Turn . | . . . Machines Repaired . | . . . Machines Sabotaged . | . . . Overloaded Fab Kills . | . . . Hacking | -11 -10 -10 --------- Run | Jun Mat Min Machines Accessed 5 | . 5 . Terminals 5 | . 5 . Fabricators . | . . . Repair Stations . | . . . Recycling Units . | . . . Scanalyzers . | . . . Garrison Access . | . . . Total Hacks 22 | . 22 . Successful 16 | . 16 . Failed 6 | . 6 . Catastrophic . | . . . Database Lockouts . | . . . Manual 16 | . 16 . Terminals 22 | . 22 . Fabricators . | . . . Repair Stations . | . . . Recycling Units . | . . . Scanalyzers . | . . . Garrison Access . | . . . Terminal Hacks 7 | . 7 . Prototype ID Bank 1 | . 1 . Branch Access Points 1 | . 1 . Unreport Threat 1 | . 1 . Locate Traps 1 | . 1 . Hauler Manifests 1 | . 1 . Zone Layout 2 | . 2 . Fabricator Hacks . | . . . Repair Station Hacks . | . . . Recycling Unit Hacks . | . . . Scanalyzer . | . . . Garrison Access Hacks . | . . . Unauthorized Hacks 9 | . 9 . Terminals 9 | . 9 . Track 3 | . 3 . Assimilate 1 | . 1 . Botnet 5 | . 5 . Fabricators . | . . . Repair Stations . | . . . Recycling Units . | . . . Scanalyzers . | . . . Garrison Access . | . . . Data Cores Recovered . | . . . Used . | . . . Hacking Detections 4 | . 4 . Full Trace Events 1 | . 1 . Feedback Events . | . . . Feedback Blocked . | . . . Robot Schematics Acquired . | . . . Robots Built . | . . . Authchips . | . . . Time . | . . . Total Robot Build Rating . | . . . Part Schematics Acquired . | . . . Parts Built . | . . . Authchips . | . . . Time . | . . . Total Part Build Rating . | . . . Parts Repaired . | . . . Time . | . . . Parts Recycled . | . . . Recycled Matter . | . . . Retrieved Matter . | . . . Retrieved Components . | . . . Parts Scanalyzed . | . . . Part Schematics Acquired . | . . . Parts Damaged . | . . . Bothacking | -11 -10 -10 ------------ Run | Jun Mat Min Used RIF Installer . | . . . Robots Hacked . | . . . Non-combat . | . . . Combat . | . . . Robot Hacks Applied . | . . . Relay Couplers Released . | . . . Fabnet Peak Effective % . | . . . Robots Rewired . | . . . Allies Hacked . | . . . Hacks Repelled . | . . . Allies | -11 -10 -10 -------- Run | Jun Mat Min Total Allies . | . . . Largest Group . | . . . Highest-Rated Group . | . . . Highest-Rated Ally . | . . . Total Orders . | . . . Ally Attacks . | . . . Total Damage . | . . . Kills . | . . . Allies Corrupted . | . . . Allies Melted . | . . . Intel | -11 -10 -10 ------- Run | Jun Mat Min Robot Analysis Total . | . . . Derelict Logs Recovered . | . . . Drone Launches . | . . . Drone Recoveries . | . . . Exploration | -11 -10 -10 ------------- Run | Jun Mat Min Turns Passed 1052 | 116 482 454 Spaces Moved 804 | 50 404 350 Core 146 | 41 . 105 Treads . | . . . Legs . | . . . Wheels 658 | 9 404 245 Hover . | . . . Flight . | . . . Fastest Speed 50 | 50 80 50 Average Speed 82 | 147 80 75 Slowest Speed 200 | 200 80 100 Overloaded Moves . | . . . Propulsion Burnouts . | . . . Robots Hopped . | . . . Cave-ins Triggered . | . . . Exploration Rate (%) 52 | 4 76 76 Regions Visited 2 Branch Regions 1 Pre-discovered Areas . | . . . Known Exits Taken 2 | 1 1 . Unknown Exits Taken . | . . . Scrap Searched . | . . . Spaces Dug . | . . . Terrain Destroyed . | . . . Melee . | . . . Projectile . | . . . AOE . | . . . Terrain Rammed . | . . . Walls Destroyed . | . . . Machines Disabled . | . . . Actions | -11 -10 -10 --------- Run | Jun Mat Min Total 1099 | 68 516 515 Wait 222 | . 78 144 Move 802 | 49 403 350 Hop . | . . . Pick Up 4 | . 3 1 Fast Attach 14 | 8 2 4 Attach 3 | . 3 . Detach . | . . . Swap . | . . . Drop 4 | 1 3 . Fire 49 | 10 24 15 Melee . | . . . Ram 1 | . . 1 Kick . | . . . Crush . | . . . Escape Stasis . | . . . Rewire . | . . . Trap . | . . . Miscellaneous . | . . . Route ------- -11/Junkyard -10/Materials (discovered 4 exits: *Mat x3 / *Min) -10/Mines (discovered 1 exit: Mat) History --------- Turn | Location | Event 10 | -11/Junkyard | Identified exit to Materials 10 | -11/Junkyard | Discovered exit to Materials (range 15) 117 | -11/Junkyard | Entered Materials 117 | -10/Materials | Evolved 1 slot: Utility x1 177 | -10/Materials | Identified exit to Mines 211 | -10/Materials | Identified exit to Materials 211 | -10/Materials | Discovered exit to Materials (range 12) 289 | -10/Materials | Discovered exit to Materials (range 15) 304 | -10/Materials | Build established: Hacker-Mutant 555 | -10/Materials | Discovered exit to Materials (range 15) 599 | -10/Materials | Entered Mines 600 | -10/Mines | Assembled infested the area 605 | -10/Mines | Assisted by a Guerilla fighting off Assembled 720 | -10/Mines | Core integrity fell below 50% 753 | -10/Mines | Lost 8 parts (1p4n1u2w) 791 | -10/Mines | Discovered exit to Materials (range 11) 866 | -10/Mines | Core integrity fell below 20% 1053 | -10/Mines | Destroyed by D-53 Grenadier with Mini Grenade Launcher Last Messages --------------- Acquired Wheel. The unstable cave ceiling collapses. as-70039 destroyed. Acquired 15 matter. K-01 Serf collects debris. R-06 Scavenger collects Com. Wheel. Acquired Com. Wheel. R-06 Scavenger collects Tractor Beam. EXIT=FOUND: MATERIALS The unstable cave ceiling collapses. K-01 Serf collects debris. System corrupted: Matter fused (-5). Acquired 1 matter. Acquired 4 matter. Com. Wheel destroyed. K-01 Serf destroyed. Wheel destroyed. T-07 Excavator is excavating. System corrupted: IFF burst signal emitted. T-07 Excavator is excavating. Map ----- +----------------------------------------------------+ | ???????## #?#####?##?###?#####?#????? | | ??????## #??########??##?#?###?????? | | ???????# ##?###################????? | | ???????# #?#####?########?##??????? | | ?#??##?## ####??####?##??##?##?????? | | ??#???#?## #######?###?##?##???????? | | ?#???#???## ##?########??#?##??????? | | ?????????## #?####?####??#?????????? | | #??#?#??## ########?#?##?#?????????? | | ?##??#?## ###?########?#??????????? | | ##????## ##?#?##?##?????????????? | | ????##?# #???#?#####??#????????? | | ?#??#??## ##??### ##?#??#?????? | | ####?#?### #??### #??????????? | | #??##?#?## #?##?# #??????????? | | ###?#?#??## ###???? #?????????#? | | ####?#?##### ##??????# #??????????? | | ########### ###?#??## #???????????? | | #???#### #??#????????? | | ### ###### ##### #???????????? | | ##?# #????# ## #???????????? | | ##?## ###??# #?#?????????? | | ##?### ###### #???????????? | | #??# #?## #????##?????? | | #??# ##?### d # #?????? | | #### """ #?#??###k @d #????? | | ##?# """ #??#?#?## #??? | | ##?# """ #???#???# #?? | | #### ##?#???# #?? | | ######?#?? #? | | #??###?? ## # #? | | ##### ? #?## ## # #? | | ###? ? ##??##### ##### ##? | | ##??##? #????????? ?????? ##?? | | " ##??#####?#####????? ??????? ##??? | | #####? ??## ####??#???????? #???? | | ###### ##? ##?????????? #???? | | # ####### ????????????#????? | | ### # # % % ?????????????????? | | # # % !% ?????????????????? | | # #### ## ""??????????????????? | | # # ?????????????????????? | | ## # # ??????????????????????? | | % % ####???????????????????????? | | #### #??##???? ?????????????????? | | ?###???# " ##?##????? ?????????????????? | | ?###?### ##?#?#??????????????????????? | | #?##???# ####?????????#?????????????? | | ?#####?## ?#?????? ???????????????? | | ###??#?### #??# ????????????????????? | +----------------------------------------------------+ Best States ------------- Heat Dissipation 39 Energy Generation 10 Energy Capacity 250 Matter Stores 300 Matter Capacity 300 Sight Range 16 Terrain Scan Range 14 Terrain Scan Density 85 Resistance: KI 35 Resistance: TH 35 Resistance: EX 35 Resistance: EM 35 Resistance: I 35 Resistance: S 35 Resistance: P 35 Core Shielding 20 Evasion (%) 50 Offensive Hacking 20 Item Schematics ----------------- None Robot Schematics ------------------ None Fabricated ------------ Nothing Alien Tech Used ----------------- None Achievements -------------- None Challenges ------------ None Game ------ Seed cornpuss Manual? 1 Play Time 00:21:09 Cumulative 2410.4 hours Start 2024.01.13 @ 15:32:57 End 2024.01.13 @ 17:18:13 Sessions 1 Manual Loads 0 Difficulty Explorer Special Mode None Game No. 76 Rogue 0 Adventurer 0 Explorer 76 Win Type - Total 6 Types 3/0/1/2/0/0/0/0/0 Lore% 57 Gallery% 86 Achievement% 100 Wizard Run 0 Options --------- ASCII 0 Keyboard 0 Movement Mouse Keybinds 0 Fullscreen 0 Font 32/Smallcaps Map View 76x50 Tactical HUD 0 Map Filters NONE Filters NONE Steam 1 RUN: c9c1fdfb-19df-45be-a6ae-831875ce4dd1